 Dungeon Crawl Stone Soup version 0.24.0-2-g5b39cebb1c (webtiles) character file.

Game seed: 13599538096079146700, levelgen mode: deterministic

60721 ventricule the Severer (level 14, -5/135 HPs)
             Began as a Deep Dwarf Fighter on Oct 29, 2019.
             Was the Champion of Makhleb.
             Slain by an orc knight
             ... wielding a +2 great sword
              (19 damage)
             ... on level 1 of the Orcish Mines.
             The game lasted 00:39:56 (16734 turns).

ventricule the Severer (Deep Dwarf Fighter)        Turns: 16734, Time: 00:39:57

Health: -5/135     AC: 22    Str: 24    XL:     14   Next: 58%
Magic:  11/11      EV: 10    Int: 10    God:    Makhleb [******]
Gold:   917        SH:  2    Dex: 12    Spells: 13/13 levels left

rFire    + . .     SeeInvis .   j - +4 executioner's axe (vamp) {!w}
rCold    + . .     Gourm    .   (shield currently unavailable)
rNeg     + . .     Faith    .   V - +7 Kryia's mail coat {PotionHeal*2 rC+}
rPois    .         Spirit   .   M - +2 helmet
rElec    .         Reflect  +   (no cloak)
rCorr    .         Harm     .   y - +0 pair of gloves
MR       +++..                  (no boots)
Stlth    ..........             z - +2 amulet of reflection
HPRegen  0.00/turn              F - ring of protection from fire
MPRegen  0.12/turn              m - ring of protection from magic

@: non-regenerating, studying Maces & Flails
A: damage resistance, heal wounds, negative energy resistance 1, sense
surroundings 2, no regeneration
a: Heal Wounds, Minor Destruction, Lesser Servant of Makhleb, Major Destruction,
Greater Servant of Makhleb, Renounce Religion


You were on level 1 of the Orcish Mines.
You worshipped Makhleb.
Makhleb was exalted by your worship.
You were not hungry.

You visited 4 branches of the dungeon, and saw 20 of its levels.
You also visited: Sewer.

You collected 1862 gold pieces.
You spent 945 gold pieces at shops.

Inventory:

Hand Weapons
 a - a +0 broad axe of flaming
 b - a +3 morningstar
 j - a +4 vampiric executioner's axe (weapon) {!w}
Missiles
 Q - 531 stones (quivered)
Armour
 u - a +0 buckler of protection {AC+3}
 y - a +0 pair of gloves (worn)
 K - a +0 plate armour
 M - a +2 helmet (worn)
 V - the +7 Kryia's mail coat (worn) {PotionHeal*2 rC+}
   (You found it on level 1 of the Orcish Mines)

   It protects you from cold.
Jewellery
 m - a ring of protection from magic (right hand)
 p - an uncursed ring of magical power {MP+9}
 r - an uncursed ring of stealth {Stlth+}
 x - the ring of the Eagle {rPois Int+4}
   (You bought it in a shop on level 9 of the Dungeon)

   [ring of poison resistance]

   It affects your intelligence (+4).
   It protects you from poison.
 z - a +2 amulet of reflection (around neck)
 A - an uncursed amulet of rage
 F - a ring of protection from fire (left hand)
Wands
 i - a wand of enslavement (20)
 C - a wand of flame (8)
 D - a wand of digging (8)
 H - a wand of iceblast (3)
 L - a wand of paralysis (15)
 P - a wand of scattershot (8)
Scrolls
 c - 2 scrolls of magic mapping {!r}
 f - 4 scrolls of fog
 g - 2 scrolls of fear
 k - 10 scrolls of remove curse
 o - 3 scrolls of immolation {!r}
 t - 10 scrolls of teleportation
 B - a scroll of blinking {!r}
 E - 10 scrolls of identify
 J - 2 scrolls of amnesia
 O - 3 scrolls of enchant armour
Potions
 d - 3 potions of might
 h - a potion of haste
 l - 4 potions of heal wounds
 n - a potion of resistance
 q - 5 potions of curing
 s - 2 potions of agility
 v - 4 potions of berserk rage {!q}
 G - 4 potions of flight
 I - 2 potions of magic
 N - a potion of lignification {!q}
 S - 5 potions of mutation {!q}
Books
 w - a manual of Maces & Flails {!d}
Miscellaneous
 R - a phial of floods
 U - a phial of floods
Comestibles
 e - 26 rations
 T - 17 chunks of flesh


   Skills:
 + Level 11.4 Fighting
 * Level 16.1(16.2) Axes
 - Level 1.8(10.2) Maces & Flails
 + Level 13.8 Armour
 - Level 5.3 Shields
 - Level 14.0 Invocations


You had 13 spell levels left.
You didn't know any spells.
Your spell library contained the following spells:

 Spells                   Type           Power        Failure   Level  Hunger
 Corona                   Hex            #......      58%         1    ##.....
 Freeze                   Ice            #...         58%         1    ##.....
 Infusion                 Chrm           #...         58%         1    ##.....
 Sandblast                Erth           #.....       58%         1    ##.....
 Summon Butterflies       Summ           #.......     58%         1    ##.....
 Passwall                 Tmut/Erth      #.......     73%         2    ###....
 Shroud of Golubria       Chrm/Tloc      #.....       73%         2    ###....
 Slow                     Hex            #.......     73%         2    ###....
 Song of Slaying          Chrm           #.......     73%         2    ###....
 Throw Frost              Conj/Ice       #.....       73%         2    ###....
 Call Canine Familiar     Summ           #.......     91%         3    ####...
 Inner Flame              Hex/Fire       #.......     91%         3    ####...
 Ozocubu's Armour         Chrm/Ice       #.......     91%         3    ####...
 Portal Projectile        Hex/Tloc       #.....       91%         3    ####...
 Spectral Weapon          Hex/Chrm       #.......     91%         3    ####...
 Stone Arrow              Conj/Erth      #.....       91%         3    ####...
 Cause Fear               Hex            #.........   100%        4    #####..
 Leda's Liquefaction      Hex/Erth       #.........   100%        4    #####..
 Petrify                  Tmut/Erth      #.......     100%        4    #####..
 Summon Ice Beast         Ice/Summ       #.......     100%        4    #####..
 Throw Icicle             Conj/Ice       #.......     100%        4    #####..
 Lee's Rapid Deconstruct  Erth           #.........   100%        5    ######.
 Summon Mana Viper        Hex/Summ       #.......     100%        5    ######.
 Summon Hydra             Summ           #.........   100%        7    #######
 Regeneration             Chrm/Necr      Unusable     N/A         3    N/A

Dungeon Overview and Level Annotations

Branches:
Dungeon (12/15)            Temple (1/1) D:6            Lair (6/6) D:10
 Shoals (0/4) Lair:3        Snake (0/4) Lair:4        Slime (0/5) Lair:5
    Orc (1/2) D:12          Sewer (visited)

Altars:
Ashenzari
Cheibriados
Dithmenos
Elyvilon
Fedhas
Gozag
Hepliaklqana
Kikubaaqudgha
Makhleb
Nemelex Xobeh
Okawaru
Qazlal
Ru
Sif Muna
Trog
Uskayaw
Vehumet
Wu Jian
Xom
Yredelemnul
Zin
The Shining One

Shops:
D:8 =   D:9 (!*   Orc:1 [

Annotations:
D:4 1 runed translucent door
Lair:3 1 runed translucent door, Nefuv's ghost, journeyman MiBe
Lair:4 exclusion: 2 oklob plants
Lair:6 exclusion: 3 oklob plants


Innate Abilities, Weirdness & Mutations

You are resistant to damage.
You can heal yourself by infusing magical energy.
You resist negative energy. (rN+)
You passively map the area around you.
You do not regenerate.


Message History

The orc knight hits you but does no damage.
The orc knight roars a battlecry!
The orcs go into a battle-frenzy!
The orc knight hits you with a +1 long sword!!
* * * LOW HITPOINT WARNING * * *
You regained 4 hp, and now have 34/135 hp.
You feel much better. The orc knight closely misses you.
The orc knight barely misses you.
The orc warrior hits you from afar with a +0 halberd!
* * * LOW HITPOINT WARNING * * *
The orc knight hits you with a +1 long sword!
* * * LOW HITPOINT WARNING * * *
You regained 7 hp, and now have 41/135 hp.
You barely miss the orc knight.
You hit the orc knight but do no damage.
You hit the orc knight.
You feel better.
The orc warrior hits you from afar with a +0 halberd!!
* * * LOW HITPOINT WARNING * * *
The orc knight hits you with a +2 great sword!!
You die...

, .8 .... ..... ,* , ,
,........,....#, *
,8.∩.8....#..#.## ,, ,,
....#..#......#., *
.8.#...........#.# * ,*
.........#.....##, * ,,
##.)#............ * **,
,#................ * *
....#o@o$............#
,,,# ##)o))...........#*
, *#oo#............## ,
#oo.##...#.#......# ,
**#...###....##......# *
*
,,,#....##...$.#........
* *
#.####.#............. **
#o #............$.. #,
#.....))........


You could see 3 orc knights, 2 orc warriors, an orc priest and an orc.

Levels and vault maps discovered:
D:1:      eino_arrival_water_star, layout_rooms
D:2:      layout_basic, nicolae_overflow_crystal_walls, first_ration,
          serial_curves, eino_curves_02, eino_curves_02
D:3:      kennysheep_the_goblin_king, layout_basic, elyvilon_altar_5,
          minmay_increasing_density
D:4:      layout_basic, ebering_ghost_sewer_f, gup_sewer_entry_glass, uniq_robin
D:5:      layout_basic, kennysheep_mini_moat, gammafunk_temple_overflow_elements
D:6:      layout_basic, demons_altar, minmay_temple_entry_statues_fountains,
          uniq_duvessa, uniq_blork_the_orc
D:7:      layout_basic, tgw_trog, uniq_pikel, uniq_menkaure
D:8:      layout_basic, serial_shops, nicolae_shop_crystal, minmay_manual_maat
D:9:      layout_loops_ring, marbit_many_paths, serial_shops,
          nicolae_shop_overgrown_old_shop, kennysheep_mini, shop,
          grunt_livestock
D:10:     layout_rooms, minmay_lair_entry_grove, minivault_20
D:11:     layout_gridville
D:12:     minmay_coctagon, layout_irregular_city, minmay_orc_entry_guard_dogs
Temple:   jpeg_temple_clearing
Lair:1:   layout_long_grid
Lair:2:   layout_cave_pods, minivault_11
Lair:3:   beast_lair_carwin_large_2, layout_small_grid,
          elwin_shoals_entry_stream, ebering_ghost_reflecting_pool,
          chequers_serial_rivers_small_a, uniq_sonja, uniq_nergalle, uniq_snorg
Lair:4:   layout_concentric_octagons, minmay_snake_entry_guardpost_small,
          minmay_lair_oklob_chamber, grunt_megastairs_2
Lair:5:   layout_cave_pods, nicolae_slime_entry_slimehenge, uniq_kirke
Lair:6:   wormcave, layout_long_grid, disabler_island
Orc:1:    giant_chief_lemuel, layout_caves, serial_shops,
          nicolae_shop_statue_plus, special_room [special_room_orc],
          nicolae_orc_lost_temple

Notes
Turn   | Place    | Note
-------+----------+-------------------------------------------
     0 | D:1      | ventricule the Deep Dwarf Fighter began the quest for the
                  | Orb.
     0 | D:1      | Reached XP level 1. HP: 20/20 MP: 1/1
     7 | D:1      | Identified a +0 club
    73 | D:1      | Identified a +0 short sword
    75 | D:1      | Reached XP level 2. HP: 18/27 MP: 2/2
    76 | D:1      | Identified a +0 club
   193 | D:1      | Identified a +0 dagger
   240 | D:1      | Reached XP level 3. HP: 15/33 MP: 3/3
   273 | D:1      | Identified a +0 club
   383 | D:1      | Identified a +0 club
   532 | D:2      | Reached skill level 3 in Axes
   541 | D:2      | Identified a +0 dagger
   800 | D:2      | HP: 4/33 [worm (7)]
   803 | D:2      | Reached skill level 4 in Shields
   872 | D:2      | Reached skill level 4 in Armour
   910 | D:2      | Identified a cursed +0 club
   936 | D:2      | Identified a +0 club
   936 | D:2      | Identified a cursed -2 hunting sling
   971 | D:2      | Reached XP level 4. HP: 19/40 MP: 4/4
  1020 | D:2      | Found a glowing golden altar of the Shining One.
  1064 | D:2      | Identified a +0 whip
  1081 | D:3      | Identified 4 scrolls of remove curse
  1082 | D:3      | Identified 4 scrolls of teleportation
  1083 | D:3      | Identified a scroll of noise
  1084 | D:3      | Identified a scroll of immolation
  1084 | D:3      | Identified a +0 club
  1085 | D:3      | Identified 2 scrolls of identify
  1085 | D:3      | Identified 2 potions of berserk rage
  1086 | D:3      | Identified a +0 club
  1271 | D:4      | Identified a +0 dagger
  1276 | D:4      | Found a runed translucent door.
  1282 | D:4      | Noticed ventricule's ghost (novice KoBe)
  1285 | D:4      | Noticed a phantom
  1342 | D:4      | Identified a +0 helmet (You found it on level 4 of the
                  | Dungeon)
  1357 | D:4      | Found a glowing drain.
  1363 | D:4      | HP: 9/40 [phantom (2)]
  1386 | D:4      | Reached XP level 5. HP: 34/46 MP: 5/5
  1400 | D:4      | Killed a phantom
  1400 | D:4      | Reached skill level 4 in Axes
  1410 | D:4      | Identified a +0 club
  1410 | D:4      | Identified a +0 dagger
  1410 | D:4      | Identified a +0 hunting sling
  1411 | D:4      | Identified a +0 club
  1411 | D:4      | Identified a +0 hunting sling
  1411 | D:4      | Identified a +0 dagger
  1412 | D:4      | Identified a +0 dagger
  1412 | D:4      | Identified a +3 short sword of venom
  1412 | D:4      | Identified a +0 animal skin
  1412 | D:4      | Identified a +0 helmet
  1412 | D:4      | Noticed Robin
  1413 | D:4      | Identified a +2 dagger of venom
  1414 | Sewer    | Entered a sewer
  1437 | Sewer    | Reached skill level 5 in Shields
  1482 | Sewer    | Reached skill level 5 in Armour
  1520 | Sewer    | Identified a +0 spear
  1528 | Sewer    | Reached XP level 6. HP: 30/55 MP: 6/6
  1713 | Sewer    | HP: 13/55 [drowned by a drowned soul[a malarious merfolk
                  | avatar] (1)]
  1718 | Sewer    | HP: 11/55 [drowned by a drowned soul[a malarious merfolk
                  | avatar] (2)]
  1765 | Sewer    | Identified a +0 buckler of protection (You found it in a
                  | sewer)
  1772 | Sewer    | Identified a ring of magical power (You found it in a
                  | sewer)
  1779 | D:4      | Identified a +0 dagger
  1783 | D:4      | Identified a +0 dagger
  1798 | D:4      | Identified a +0 club
  1801 | D:4      | Killed Robin
  1848 | D:4      | Identified a +0 giant spiked club
  1855 | D:4      | HP: 9/55 [ogre/+0 giant spiked club (6)]
  1859 | D:4      | Reached skill level 3 in Fighting
  1925 | D:4      | Found a runed translucent door.
  1937 | D:4      | Reached skill level 5 in Axes
  2239 | D:4      | Identified a +0 falchion
  2239 | D:4      | Identified a +0 ring mail
  2429 | D:5      | Entered Level 5 of the Dungeon
  2473 | D:5      | Identified a cursed -2 shortbow
  2481 | D:5      | Reached XP level 7. HP: 26/62 MP: 6/6
  2482 | D:5      | Identified a scroll of fog
  2586 | D:5      | Found a sparkling altar of Nemelex Xobeh.
  2586 | D:5      | Found a snail-covered altar of Cheibriados.
  2718 | D:5      | Reached skill level 6 in Armour
  2726 | D:5      | Identified a +0 dagger
  2726 | D:5      | Identified a +0 robe
  2726 | D:5      | Identified a +0 club
  2726 | D:5      | Identified a +0 short sword
  2726 | D:5      | Identified a cursed +0 leather armour
  2726 | D:5      | Identified a +0 flail of holy wrath
  2726 | D:5      | Identified a +0 dagger
  2738 | D:5      | HP: 14/62 [something/magic dart (6)]
  2771 | D:5      | Found an iron altar of Okawaru.
  2773 | D:5      | Identified 2 potions of heal wounds
  2774 | D:5      | Identified a ring of protection from fire (You found it on
                  | level 5 of the Dungeon)
  2782 | D:5      | Reached skill level 4 in Fighting
  2843 | D:6      | Identified a +0 dagger
  2843 | D:6      | Identified a +0 ring mail
  2949 | D:6      | HP: 16/64 [bullfrog (4)]
  2952 | D:6      | Reached skill level 6 in Axes
  2969 | D:6      | Identified a +0 dagger
  2969 | D:6      | Identified a +0 robe
  2969 | D:6      | Identified a +0 dagger
  2969 | D:6      | Identified a cursed -2 robe
  2969 | D:6      | Identified a +0 dagger
  2969 | D:6      | Identified a +0 robe
  2970 | D:6      | Identified a +0 dagger
  2970 | D:6      | Identified a +0 robe
  2974 | D:6      | Identified a scroll of enchant weapon
  2986 | D:6      | Reached XP level 8. HP: 50/73 MP: 7/7
  3121 | D:6      | Identified a scroll of enchant armour
  3181 | D:6      | Reached skill level 7 in Armour
  3183 | D:6      | Identified a ring of stealth (You found it on level 6 of
                  | the Dungeon)
  3313 | D:6      | Found a staircase to the Ecumenical Temple.
  3316 | D:6      | Identified a +0 giant spiked club
  3319 | D:6      | HP: 9/73 [ogre/+0 giant spiked club (15)]
  3329 | Temple   | Entered the Ecumenical Temple
  3455 | D:6      | Found a burning altar of Makhleb.
  3477 | D:6      | Became a worshipper of Makhleb the Destroyer
  3531 | D:6      | Identified a +0 club
  3660 | D:6      | Identified a cursed -3 scimitar
  3660 | D:6      | Identified a +0 robe
  3660 | D:6      | Noticed Blork the orc
  3664 | D:6      | Killed Blork the orc
  3664 | D:6      | Reached skill level 5 in Fighting
  3792 | D:6      | Identified a +0 dagger
  3792 | D:6      | Identified a +0 robe of fire resistance
  3792 | D:6      | Noticed Dowan
  3793 | D:6      | Identified a +0 short sword
  3793 | D:6      | Identified a +0 scale mail
  3793 | D:6      | Noticed Duvessa
  3796 | D:6      | Killed Dowan
  3796 | D:6      | Reached skill level 1 in Invocations
  3807 | D:6      | Killed Duvessa
  3807 | D:6      | Reached skill level 7 in Axes
  3903 | D:3      | Identified a +0 dagger
  3910 | D:3      | Reached skill level 2 in Invocations
  3931 | D:3      | Identified a +1 dagger of venom
  3938 | D:3      | HP: 17/74 [poisoned by a goblin]
  3974 | D:3      | Identified a +0 dagger
  4067 | D:3      | Found a white marble altar of Elyvilon.
  4189 | D:3      | Identified a +0 club
  4232 | D:3      | Identified a +0 club
  4251 | D:3      | Identified a +0 club
  4268 | D:3      | Identified a +0 club
  4269 | D:3      | Identified a +0 club
  4269 | D:3      | Identified a +0 dagger
  4269 | D:3      | Identified a +0 dagger
  4270 | D:3      | Identified a +0 club
  4271 | D:3      | Identified a +0 long sword
  4396 | D:3      | Reached * piety under Makhleb
  4431 | D:3      | Identified a +0 hand axe
  4437 | D:3      | Identified a +0 short sword
  4480 | D:3      | Identified an amulet of rage (You found it on level 3 of
                  | the Dungeon)
  4482 | D:3      | Identified an amulet of reflection (You found it on level 3
                  | of the Dungeon)
  4750 | D:2      | Identified a +0 club
  4863 | D:2      | Identified a +0 club
  5085 | D:4      | Killed ventricule's ghost
  5085 | D:4      | Reached skill level 8 in Armour
  5085 | D:4      | Reached skill level 3 in Invocations
  5085 | D:4      | Gained mutation: You passively map the area around you.
                  | [Deep Dwarf growth]
  5085 | D:4      | Reached XP level 9. HP: 81/81 MP: 9/9
  5330 | D:7      | HP: 20/82 [something (1)]
  5335 | D:7      | Reached skill level 4 in Invocations
  5378 | D:7      | Noticed a moth of wrath
  5381 | D:7      | Found a bloodstained altar of Trog.
  5456 | D:7      | Noticed Menkaure
  5458 | D:7      | HP: 14/82 [??? (8)]
  5470 | D:7      | HP: 14/82 [??? (10)]
  5471 | D:7      | Killed Menkaure
  5486 | D:7      | Reached skill level 6 in Fighting
  5486 | D:7      | Reached skill level 8 in Axes
  5568 | D:7      | Identified a +0 whip of freezing
  5568 | D:7      | Identified a +0 robe
  5568 | D:7      | Noticed Pikel
  5590 | D:7      | Killed Pikel
  5590 | D:7      | Reached skill level 5 in Invocations
  5611 | D:7      | Identified a +0 dagger
  5611 | D:7      | Identified a +0 robe
  5611 | D:7      | Identified a +0 dagger
  5611 | D:7      | Identified a +0 robe
  5612 | D:7      | Identified a +0 hand axe
  5615 | D:7      | Identified a +0 club
  5615 | D:7      | Identified a +0 hunting sling
  5616 | D:7      | Reached ** piety under Makhleb
  5689 | D:7      | Identified a +0 dagger
  5852 | D:8      | Found Likhlet's Jewellery Emporium.
  5859 | D:8      | Identified a +0 broad axe (You found it on level 8 of the
                  | Dungeon)
  5866 | D:8      | Bought an uncursed ring of protection from magic for 275
                  | gold pieces
  5884 | D:8      | Identified a +0 flail
  5884 | D:8      | Identified a +0 club
  5884 | D:8      | Identified a +0 leather armour
  5885 | D:8      | Identified a +0 club
  5885 | D:8      | Identified a +0 club
  5960 | D:8      | HP: 18/85 [wyvern (5)]
  5965 | D:8      | Reached skill level 9 in Armour
  5965 | D:8      | Reached skill level 6 in Invocations
  5979 | D:8      | Identified a +3 morningstar
  5979 | D:8      | Identified a +0 robe
  6023 | D:8      | Identified a +0 pair of gloves (You found it on level 3 of
                  | the Dungeon)
  6212 | D:3      | Identified a cursed +0 chain mail (You found it on level 3
                  | of the Dungeon)
  6412 | D:8      | HP: 21/85 [hippogriff (2)]
  6419 | D:8      | Reached skill level 9 in Axes
  6419 | D:8      | Reached XP level 10. HP: 36/92 MP: 8/8
  6449 | D:8      | Identified a scroll of magic mapping
  6450 | D:8      | Identified a scroll of amnesia
  6451 | D:8      | Identified 3 potions of curing
  6452 | D:8      | Identified a potion of resistance
  6453 | D:8      | Identified a potion of magic
  6454 | D:8      | Identified 2 potions of mutation
  6469 | D:8      | Identified a +0 giant club
  6563 | D:8      | Identified a +0 war axe
  6570 | D:8      | Identified a +0 scimitar
  6570 | D:8      | Identified a +0 plate armour
  6570 | D:8      | Identified a cursed -1 dagger
  6570 | D:8      | Identified a +0 robe
  6585 | D:8      | HP: 16/92 [orc warrior/+0 scimitar (9)]
  6595 | D:8      | Reached *** piety under Makhleb
  6981 | D:8      | Identified a ring of teleportation (You found it on level 8
                  | of the Dungeon)
  7170 | D:9      | Identified a +0 morningstar
  7170 | D:9      | Identified a cursed +0 leather armour
  7170 | D:9      | Identified a +0 chain mail
  7171 | D:9      | Identified a +3 flail
  7173 | D:9      | Identified a +0 dagger
  7173 | D:9      | Identified a +0 robe
  7175 | D:9      | Identified a +0 mace
  7217 | D:9      | Identified a +0 shortbow
  7237 | D:9      | Reached skill level 7 in Fighting
  7261 | D:9      | Identified a +0 giant club
  7265 | D:9      | HP: 23/94 [ogre/+0 giant club (5)]
  7282 | D:9      | Reached skill level 7 in Invocations
  7288 | D:9      | Found Zaupiup's Weapon Shoppe.
  7303 | D:9      | Found Wasuho's Distillery.
  7332 | D:9      | Identified a +0 hand axe
  7332 | D:9      | Identified a +0 animal skin
  7349 | D:9      | Reached skill level 10 in Axes
  7485 | D:9      | Found an ornate altar of the Wu Jian Council.
  7574 | D:9      | Identified a +0 troll leather armour
  7815 | D:9      | Found Qeohedigh's Assorted Antiques.
  7838 | D:9      | Bought a pitted amber ring for 150 gold pieces
  7839 | D:9      | Identified the ring of the Eagle {rPois Int+4} (You bought
                  | it in a shop on level 9 of the Dungeon)
  7866 | D:9      | Identified a +0 dagger
  7867 | D:9      | Identified a +1 dagger of flaming
  7867 | D:9      | Identified a +0 robe
  7976 | D:10     | Entered Level 10 of the Dungeon
  7999 | D:10     | Reached **** piety under Makhleb
  7999 | D:10     | Reached skill level 10 in Armour
  7999 | D:10     | Reached skill level 8 in Invocations
  8003 | D:10     | Identified a +0 trident
  8003 | D:10     | Identified a +0 shortbow
  8067 | D:10     | Identified a +0 dagger
  8068 | D:10     | Identified a +0 dagger
  8068 | D:10     | Identified a +0 robe
  8074 | D:10     | Identified a +0 dagger
  8074 | D:10     | Identified a +0 robe
  8077 | D:10     | Identified a +0 mace
  8077 | D:10     | Identified a +0 leather armour
  8078 | D:10     | Identified a +0 dagger
  8078 | D:10     | Identified a +0 robe
  8081 | D:10     | Identified a +0 dagger
  8081 | D:10     | Identified a +0 robe
  8083 | D:10     | Identified a cursed +0 short sword
  8085 | D:10     | Identified a +0 mace
  8085 | D:10     | Identified a +0 leather armour
  8119 | D:10     | Identified 2 scrolls of blinking
  8120 | D:10     | Identified a potion of agility
  8129 | D:10     | Noticed a brown ugly thing
  8148 | D:10     | Killed a cyan ugly thing
  8148 | D:10     | Reached XP level 11. HP: 57/102 MP: 10/10
  8148 | D:10     | Reached skill level 11 in Axes
  8235 | D:10     | Found a staircase to the Lair.
  8318 | D:10     | Reached skill level 8 in Fighting
  8455 | D:10     | Noticed a purple ugly thing
  8455 | D:10     | Identified a +0 trident
  8455 | D:10     | Identified a +0 chain mail
  8455 | D:10     | Identified a +0 scale mail
  8455 | D:10     | Identified a +0 glaive
  8455 | D:10     | Identified a +0 plate armour
  8475 | D:10     | Killed a purple ugly thing
  8482 | D:10     | Reached ***** piety under Makhleb
  8591 | D:10     | Reached skill level 9 in Invocations
  8720 | Lair:1   | Entered Level 1 of the Lair of Beasts
  8728 | Lair:1   | Identified a scroll of holy word
  9030 | Lair:1   | Reached skill level 12 in Axes
  9174 | Lair:1   | Reached skill level 11 in Armour
  9206 | Lair:1   | Noticed a six-headed hydra
  9296 | Lair:2   | Noticed a seven-headed hydra
  9318 | Lair:3   | Identified a +0 dagger
  9318 | Lair:3   | Identified a +0 robe
  9318 | Lair:3   | Noticed Nergalle
  9331 | Lair:3   | Identified a +0 club
  9331 | Lair:3   | Identified a +0 ring mail
  9331 | Lair:3   | Identified a +0 short sword
  9335 | Lair:3   | Identified a +0 bardiche
  9335 | Lair:3   | Identified a +0 plate armour
  9335 | Lair:3   | Noticed a spectral orc warlord
  9336 | Lair:3   | Identified a +0 short sword
  9338 | Lair:3   | Identified a +1 dire flail
  9338 | Lair:3   | Identified a +0 chain mail
  9338 | Lair:3   | Identified a +0 dagger
  9339 | Lair:3   | Killed Nergalle
  9339 | Lair:3   | Reached skill level 10 in Invocations
  9385 | Lair:3   | Reached XP level 12. HP: 112/112 MP: 12/12
  9407 | Lair:3   | Noticed Snorg
  9418 | Lair:3   | Killed Snorg
  9418 | Lair:3   | Identified a +1 dagger of venom
  9418 | Lair:3   | Noticed Sonja
  9426 | Lair:3   | Killed Sonja
  9435 | Lair:3   | Identified a scroll of torment
  9486 | Lair:3   | Found a runed translucent door.
  9618 | Lair:3   | Reached skill level 9 in Fighting
  9623 | Lair:3   | Identified a +0 trident
  9628 | Lair:3   | Found a staircase to the Shoals.
  9628 | Lair:3   | Identified a +0 trident
  9628 | Lair:3   | Identified a +0 trident
  9635 | Lair:3   | Identified a +0 spear
  9646 | Lair:3   | HP: 28/114 [merfolk/+0 trident (8)]
  9654 | Lair:3   | Reached skill level 13 in Axes
  9804 | Lair:3   | Identified a scroll of fear
  9942 | Lair:3   | Reached skill level 11 in Invocations
 10093 | Lair:3   | Noticed Nefuv's ghost (journeyman MiBe)
 10128 | Lair:3   | HP: 27/114 [komodo dragon (18)]
 10130 | Lair:3   | HP: 8/114 [komodo dragon (19)]
 10272 | Lair:4   | Noticed a six-headed hydra
 10294 | Lair:4   | HP: 26/115 [wyvern (6)]
 10496 | Lair:4   | Identified a +0 hand axe
 10496 | Lair:4   | Identified a +0 robe
 10496 | Lair:4   | Identified a +0 scimitar
 10496 | Lair:4   | Identified a +0 robe
 10498 | Lair:4   | Found a staircase to the Snake Pit.
 10498 | Lair:4   | Identified a +2 flail of holy wrath
 10498 | Lair:4   | Identified a +0 robe
 10498 | Lair:4   | Identified a +0 trident
 10517 | Lair:4   | Reached skill level 14 in Axes
 10675 | Lair:4   | Reached skill level 12 in Armour
 10920 | Lair:5   | Noticed Kirke
 10950 | Lair:5   | Killed Kirke
 10950 | Lair:5   | Reached XP level 13. HP: 69/123 MP: 12/12
 10981 | Lair:5   | Found a staircase to the Slime Pits.
 11393 | D:10     | Reached skill level 1 in Maces & Flails
 11404 | D:10     | HP: 29/123 [blink frog (7)]
 11729 | Lair:2   | HP: 26/123 [basilisk (11)]
 11731 | Lair:2   | Reached skill level 10 in Fighting
 11886 | Lair:2   | Identified a +2 helmet (You found it on level 2 of the Lair
                  | of Beasts)
 11906 | Lair:2   | Reached skill level 12 in Invocations
 11941 | Lair:2   | Reached ****** piety under Makhleb
 12368 | Lair:2   | Identified a potion of lignification
 12369 | Lair:2   | Identified a potion of haste
 13221 | Lair:5   | Identified a scroll of silence
 13363 | Lair:5   | Identified a scroll of vulnerability
 13680 | Lair:6   | Entered Level 6 of the Lair of Beasts
 14000 | Lair:6   | Reached skill level 13 in Armour
 14000 | Lair:6   | Reached skill level 13 in Invocations
 14110 | Lair:6   | HP: 30/124 [spiny frog (5)]
 14140 | Lair:6   | Found a runed translucent door.
 14141 | Lair:6   | Noticed a fire dragon
 14168 | Lair:6   | Paralysed by a hornet for 3 turns
 14215 | Lair:6   | HP: 30/124 [tyrant leech (16)]
 14472 | D:9      | Bought a +4 vampiric executioner's axe for 520 gold pieces
 14681 | Lair:6   | Identified a scroll of brand weapon
 14814 | Lair:6   | Reached skill level 15 in Axes
 14915 | Lair:6   | Paralysed by a hornet for 1 turns
 14918 | Lair:6   | Paralysed by a hornet for 1 turns
 14921 | Lair:6   | Paralysed by a hornet for 1 turns
 14924 | Lair:6   | Paralysed by a hornet for 3 turns
 14957 | Lair:6   | Identified a scroll of random uselessness
 15056 | Lair:6   | Killed a fire dragon
 15056 | Lair:6   | Gained mutation: You resist negative energy. (rN+) [Deep
                  | Dwarf growth]
 15056 | Lair:6   | Reached XP level 14. HP: 121/133 MP: 11/13
 15439 | D:11     | Identified a +0 troll leather armour
 15535 | D:11     | You fall into a shaft and drop 1 floor!
 15596 | D:12     | Identified a +0 giant club
 15596 | D:12     | Identified a cursed +0 giant spiked club
 15606 | D:12     | Reached skill level 11 in Fighting
 15615 | D:12     | Identified a +0 dagger
 15615 | D:12     | Identified a +0 robe
 15615 | D:12     | Identified a +0 dagger of draining
 15615 | D:12     | Identified a cursed -1 club
 15615 | D:12     | Identified a +0 leather armour
 15615 | D:12     | Identified a +0 chain mail
 15615 | D:12     | Identified a +0 dagger
 15615 | D:12     | Identified a +0 robe
 15615 | D:12     | Identified a +0 dagger
 15615 | D:12     | Identified a +0 robe
 15615 | D:12     | Identified a +2 dagger of venom
 15615 | D:12     | Identified a +0 robe
 15615 | D:12     | Identified a +0 trident
 15615 | D:12     | Identified a cursed +0 scale mail
 15615 | D:12     | Identified a +0 shield
 15615 | D:12     | Identified a +3 halberd
 15615 | D:12     | Identified a +0 flail
 15615 | D:12     | Identified a +0 whip
 15617 | D:12     | Identified a +0 mace
 15617 | D:12     | Identified a +0 plate armour
 15724 | D:12     | Identified a +0 hand axe
 15724 | D:12     | Identified a +0 robe
 15728 | D:12     | Identified a +0 hand axe
 15728 | D:12     | Identified a +0 leather armour
 15728 | D:12     | Identified a +1 hand axe of chopping
 15728 | D:12     | Identified a +0 robe
 15876 | D:12     | Identified a +2 battleaxe of freezing
 15876 | D:12     | Noticed a frost giant
 15877 | D:12     | Identified the +2 battleaxe "Badwoc" {freeze, Fragile +Rage
                  | rPois rC++}
 15891 | D:12     | Killed a frost giant
 16049 | D:12     | Identified a +0 club
 16049 | D:12     | Identified a +0 leather armour
 16121 | D:12     | Identified a +0 dire flail
 16121 | D:12     | Identified a +0 giant club
 16247 | D:12     | Found a staircase to the Orcish Mines.
 16316 | D:12     | Identified a +0 flail
 16433 | Orc:1    | Entered Level 1 of the Orcish Mines
 16433 | Orc:1    | Identified a +0 giant spiked club
 16446 | Orc:1    | Identified a +0 giant club
 16448 | Orc:1    | Identified a +0 dire flail
 16448 | Orc:1    | Identified a +0 giant club
 16448 | Orc:1    | Identified a +0 giant club
 16448 | Orc:1    | Identified a +0 giant club
 16448 | Orc:1    | Identified a +0 giant club
 16448 | Orc:1    | Identified a +0 giant spiked club
 16465 | Orc:1    | Found the +7 Kryia's mail coat {PotionHeal*2 rC+}
 16567 | Orc:1    | Reached skill level 14 in Invocations
 16580 | Orc:1    | ventricule: ??greater_servant
 16580 | Orc:1    | beem: greater servant[1/1]: Summons a temporary
                  | executioner, green death, blizzard demon, balrug, or
                  | cacodemon. Hostility chance reduced by invocations skill
                  | and piety, in the same way as ability failure chance works
                  | normally. 0% hostility only at max or near-max piety &
                  | invocations.
 16624 | Orc:1    | Identified a +0 trident
 16624 | Orc:1    | Identified a +0 chain mail
 16625 | Orc:1    | Identified a +4 falchion
 16626 | Orc:1    | Identified a +0 broad axe
 16626 | Orc:1    | Identified a cursed +0 arbalest
 16626 | Orc:1    | Identified a +0 chain mail
 16626 | Orc:1    | Identified a +0 mace
 16626 | Orc:1    | Identified a +0 plate armour
 16630 | Orc:1    | Reached skill level 16 in Axes
 16640 | Orc:1    | HP: 23/135 [cyclops/large rock (24)]
 16641 | Orc:1    | HP: 11/135 [cyclops/large rock (18)]
 16672 | Orc:1    | Identified a +0 club
 16672 | Orc:1    | Identified a cursed +0 leather armour
 16673 | Orc:1    | Identified a +0 mace
 16673 | Orc:1    | Identified a +0 hand axe
 16673 | Orc:1    | Identified a +0 leather armour
 16673 | Orc:1    | Identified a +0 dagger
 16673 | Orc:1    | Identified a +0 dagger
 16673 | Orc:1    | Identified a +0 robe
 16674 | Orc:1    | Identified a +0 trident
 16674 | Orc:1    | Identified a +0 chain mail
 16678 | Orc:1    | Identified a +0 hand axe
 16700 | Orc:1    | Identified a +0 hand axe
 16701 | Orc:1    | Identified a +0 flail
 16701 | Orc:1    | Identified a +0 chain mail
 16701 | Orc:1    | Identified a +0 dagger
 16701 | Orc:1    | Identified a +0 ring mail
 16702 | Orc:1    | Identified a +0 club
 16702 | Orc:1    | Identified a +0 leather armour
 16708 | Orc:1    | Identified a +0 hand axe
 16708 | Orc:1    | Identified a +0 plate armour
 16709 | Orc:1    | Identified a +0 short sword
 16709 | Orc:1    | Identified a +0 ring mail
 16711 | Orc:1    | Found Zaosmuxo's Armour Emporium.
 16711 | Orc:1    | Identified a +0 dagger
 16711 | Orc:1    | Identified a +0 robe
 16712 | Orc:1    | Identified a +0 mace
 16714 | Orc:1    | Identified a cursed -2 whip
 16714 | Orc:1    | Identified a +0 scimitar
 16715 | Orc:1    | Identified a +2 great sword
 16715 | Orc:1    | Identified a +0 plate armour
 16717 | Orc:1    | Identified a +0 long sword
 16717 | Orc:1    | Identified a +0 chain mail
 16717 | Orc:1    | Identified a +1 long sword
 16717 | Orc:1    | Identified a +0 chain mail
 16722 | Orc:1    | Identified a +0 long sword
 16722 | Orc:1    | Identified a +0 plate armour
 16725 | Orc:1    | Identified a +0 flail
 16725 | Orc:1    | Identified a +0 chain mail
 16726 | Orc:1    | Identified a +0 trident
 16728 | Orc:1    | Identified a +0 halberd
 16728 | Orc:1    | Identified a +0 chain mail
 16729 | Orc:1    | HP: 29/135 [orc knight/+2 great sword (25)]
 16731 | Orc:1    | Identified a +0 club
 16734 | Orc:1    | HP: 14/135 [orc warrior/+0 halberd (28)]
 16734 | Orc:1    | Slain by an orc knight

Table legend:
 A = Turns spent in this place as a percentage of turns spent in the entire game.
 B = Non-inter-level travel turns spent in this place as a percentage of non-inter-level travel turns spent in the entire game.
 C = Inter-level travel turns spent in this place as a percentage of turns spent in this place.
 D = Turns resting spent in this place as a percentage of non-inter-level travel turns spent in this place.
 E = Turns spent auto-exploring this place as a percentage of non-inter-level travel turns spent in this place.
 F = Non-inter-level travel turns spent in this place divided by the number of levels of this place that you've seen.
                   A       B       C       D       E      F
               +-------+-------+-------+-------+-------+----------------------
         Total | 100.0 | 100.0 |  10.5 |   0.3 |  70.9 | 713.4
       Dungeon |  57.9 |  57.3 |  11.4 |   0.6 |  72.2 | 715.3
        Temple |   0.6 |   0.6 |  11.1 |   0.0 |  96.9 |  96.0
          Lair |  37.5 |  37.6 |  10.2 |   0.0 |  72.3 | 939.5
  Orcish Mines |   1.8 |   2.0 |   0.0 |   0.0 |  42.9 | 301.0
         Sewer |   2.2 |   2.4 |   0.0 |   0.0 |  34.9 | 364.0
               +-------+-------+-------+-------+-------+----------------------

Table legend:
 A = Kills in this place as a percentage of kills in entire the game.
 B = Kills by you in this place as a percentage of kills by you in the entire game.
 C = Kills by friends in this place as a percentage of kills by friends in the entire game.
 D = Other kills in this place as a percentage of other kills in the entire game.
 E = Experience gained in this place as a percentage of experience gained in the entire game.
 F = Experience gained in this place divided by the number of levels of this place that you have seen.
                   A       B       C       D       E      F
               +-------+-------+-------+-------+-------+----------------------
         Total | 100.0 | 100.0 | 100.0 |   N/A | 100.0 | 4130.7
       Dungeon |  59.6 |  60.2 |   0.0 |   N/A |  37.7 | 2725.2
          Lair |  28.1 |  27.3 | 100.0 |   N/A |  55.7 | 8048.0
  Orcish Mines |   5.8 |   5.9 |   0.0 |   N/A |   6.4 | 5568.0
         Sewer |   6.5 |   6.5 |   0.0 |   N/A |   0.2 | 186.0
               +-------+-------+-------+-------+-------+----------------------

Skill      XL: |  1  2  3  4  5  6  7  8  9 10 11 12 13 14 |
---------------+-------------------------------------------+-----
Axes           | 3 4 5 6 7 9 10 12 14 15 16 | 16.1
Shields        | 4 5 |  5.3
Armour         | 4 5 6 8 9 10 11 12 13 | 13.8
Fighting       | 3 4 5 6 7 8 9 10 11 | 11.4
Invocations    | 3 6 8 10 11 13 14 | 14.0
Maces & Flails | 1 |  1.8

Action                   |  1- 3 |  4- 6 |  7- 9 | 10-12 | 13-15 || total
-------------------------+-------+-------+-------+-------+-------++-------
Melee: War axe           |   126 |   270 |   416 |       |       ||   812
       Broad axe         |       |       |    77 |   933 |   289 ||  1299
       Executioner's axe |       |       |       |       |   370 ||   370
       Morningstar       |       |       |       |       |    52 ||    52
Throw: Stone             |       |     3 |       |       |       ||     3
Invok: Lesser Servant of |       |       |       |     1 |       ||     1
       Greater Servant o |       |       |       |       |     1 ||     1
 Abil: Heal Wounds       |     1 |     4 |    13 |     7 |    15 ||    40
Evoke: Wand              |       |       |       |       |    13 ||    13
  Use: Scroll            |       |     5 |     4 |    13 |     7 ||    29
       Potion            |       |     1 |     1 |       |     2 ||     4
  Eat: Chunk             |       |     6 |    14 |    14 |    10 ||    44
       Ration            |       |       |     1 |     3 |     3 ||     7
Armor: Scale mail        |    77 |   115 |   244 |       |    39 ||   475
       Chain mail        |       |       |    19 |   127 |       ||   146
       Plate armour      |       |       |       |   511 |   612 ||  1123
Dodge: Dodged            |    46 |    73 |   190 |   355 |   350 ||  1014
Block: Shield            |    76 |   114 |       |       |       ||   190
       Buckler           |       |    15 |   131 |   359 |   153 ||   658
       Reflection        |       |       |       |     3 |     1 ||     4
       Other             |       |       |       |       |    36 ||    36

Vanquished Creatures
  Kirke (Lair:5)
  A frost giant (D:12)
  A fire dragon (Lair:6)
  6 hydras
  3 two-headed ogres
  Sonja (Lair:3)
  An orc high priest (Orc:1)
  Nergalle (Lair:3)
  An unseen horror (D:12)
  Pikel (D:7)
  2 lindwurms (Lair:6)
  An orc knight (Orc:1)
  3 ugly things
  A manticore (D:12)
  4 cyclopes
  4 elephants (Lair:6)
  3 black mambas
  A gargoyle (D:12)
  8 spiny frogs
  3 kobold demonologists (D:12)
  5 torpor snails (Lair:6)
  9 komodo dragons
  The ghost of ventricule the Cudgeler, a novice KoBe of Trog (D:4)
  3 meliai (D:12)
  A polar bear (D:12)
  3 trolls
  3 tyrant leeches (Lair:6)
  2 merfolk (Lair:3)
  A wolf spider simulacrum (D:11)
  7 hornets
  4 dream sheep (Lair:5)
  5 slime creatures (D:12)
  14 blink frogs
  10 hippogriffs
  53 yaks
  3 wyverns
  A human (D:9)
  3 basilisks
  3 hogs (D:9)
  2 hungry ghosts (D:8)
  A steam dragon (D:10)
  7 wargs
  4 nagas (Lair:4)
  Menkaure (D:7)
  An acid dragon (D:12)
  9 water moccasins
  Duvessa (D:6)
  18 porcupines
  4 ice beasts
  9 orc warriors
  2 black bears
  6 sky beasts
  10 ogres
  A phantom (D:4)
  12 wolves
  3 centaurs
  16 crocodiles
  14 bullfrogs
  A gnoll sergeant (D:12)
  Blork the orc (D:6)
  A wyvern skeleton (D:10)
  Dowan (D:6)
  2 scorpions
  8 killer bees
  A wight (D:8)
  2 howler monkeys
  7 crimson imps
  A centaur zombie (D:6)
  A quasit (D:8)
  3 bullfrog zombies
  7 jellies
  A bullfrog skeleton (D:12)
  4 orc priests
  5 hounds
  3 iron imps (D:6)
  6 iguanas
  3 merfolk sirens
  17 orc wizards
  4 worker ants
  A merfolk avatar (Sewer)
  A hound zombie (D:9)
  2 hound skeletons
  A howler monkey zombie (D:8)
  A worker ant zombie (D:5)
  Robin (D:4)
  3 gnolls (D:12)
  25 adders
  2 river rats (Sewer)
  6 shadow imps
  4 oozes
  An adder zombie (D:9)
  6 worms
  4 dart slugs
  10 leopard geckos
  48 orcs
  7 bats
  12 giant cockroaches
  25 goblins
  12 hobgoblins
  32 jackals
  10 kobolds
  3 quokkas
  3 ball pythons
  A ball python skeleton (D:4)
  10 frilled lizards
  A leopard gecko skeleton (D:4)
  34 rats
  6 fungi
  3 plants
653 creatures vanquished.

Vanquished Creatures (collateral kills)
  Snorg (Lair:3)
  A hydra (Lair:6)
  A komodo dragon (Lair:6)
  3 yaks (Lair:6)
  A water moccasin (Lair:6)
  A plant (Lair:6)
8 creatures vanquished.

Vanquished Creatures (others)
  A bush (D:10)
  4 fungi
  20 plants
25 creatures vanquished.

Grand Total: 686 creatures vanquished
